 Dungeon Crawl Stone Soup version 0.31-a0-23-gcbde74481b (webtiles) character file.

Game seed: 2574199005037882049

107 pk666 the Magician (level 4, -5/24 HPs)
             Began as a Deep Elf Hedge Wizard on May 13, 2023.
             Killed by divine providence
             ... invoked by an orc priest
              (13 damage)
             ... on level 3 of the Dungeon.
             The game lasted 00:04:31 (2283 turns).

pk666 the Magician (Deep Elf Hedge Wizard)          Turns: 2283, Time: 00:04:31

Health: -5/24      AC:  4    Str:  7    XL:     4   Next: 56%
Magic:  11/13      EV: 12    Int: 21    God:
Gold:   106        SH:  0    Dex: 14    Spells: 7/13 levels left

rFire   . . .        a - +0 dagger
rCold   . . .        (no shield)
rNeg    . . .        b - +0 robe
rPois   +            c - +0 hat
rElec   .            j - +0 cloak
rCorr   .            l - +0 pair of gloves
SInv    +            (no boots)
Will    .....        o - amulet of magic regeneration
Stlth   ++           e - ring of poison resistance
HPRegen 0.24/turn    k - ring of see invisible
MPRegen 0.53/turn

%: no passive effects
@: no status effects
A: no striking features
a: no special abilities


You were on level 3 of the Dungeon.
You visited 1 branch of the dungeon, and saw 3 of its levels.

You collected 106 gold pieces.

Inventory:

Hand Weapons
 a - a +0 dagger (weapon)
Armour
 b - a +0 robe (worn)
 c - a +0 hat (worn)
 j - a +0 cloak (worn)
 l - a +0 pair of gloves (worn)
Jewellery
 e - a ring of poison resistance (left hand)
 k - a ring of see invisible (right hand)
 o - an amulet of magic regeneration (around neck)
Scrolls
 h - 3 scrolls of identify {unknown}
 m - a scroll of teleportation {unknown}
 p - a scroll of magic mapping {unknown}
Potions
 d - a potion of magic
 f - a potion of might {unknown}
 g - a potion of cancellation {unknown}
 i - a potion of invisibility {unknown}
 n - a potion of degeneration {unknown}


   Skills:
 - Level 2.4 Dodging
 - Level 2.4 Stealth
 + Level 5.2 Spellcasting
 * Level 2.7 Conjurations
 - Level 1.1 Summonings
 - Level 2.3 Translocations
 + Level 0.9 Air Magic
 * Level 1.7 Poison Magic


You had 7 spell levels left.
You knew the following spells:

 Your Spells              Type           Power      Damage    Failure   Level
a - Magic Dart            Conj           68%        1d6       3%          1
b - Blink                 Tloc           30%        N/A       6%          2
c - Mephitic Cloud        Conj/Pois/Air  13%        N/A       16%         3

Your spell library contained the following spells:

 Spells                   Type           Power      Damage    Failure   Level
 Sting                    Tmut/Pois      36%        1d4       8%          1
 Call Imp                 Summ           20%        N/A       10%         2
 Poisonous Vapours        Pois/Air       22%        N/A       10%         2
 Slow                     Hex            20%        N/A       11%         1
 Cigotuvi's Dreadful Rot  Necr/Pois/Air  18%        N/A       11%         2
 Olgreb's Toxic Radiance  Pois           12%        N/A       45%         4


Dungeon Overview and Level Annotations

Branches:
Dungeon (3/15)

Altars:


Message History

You start resting.
Magic restored.
You start resting.
HP restored.
You can't see any susceptible monsters within range! (Use Z to cast anyway.)
Things that are here:
a +0 flail; a +0 scale mail An orc priest comes into view.
It is wielding a +0 club.
Casting: Magic Dart (safe; 3% risk of failure)
Confirm with . or Enter, or press ? or * to list all spells.
Aiming: Magic Dart (safe; 3% risk of failure)
Press: ? - help, Shift-Dir - straight line, f - orc priest
Aim: an orc priest, wielding a +0 club (wandering, hasn't noticed you, 100% to hit)
The magic dart hits the orc priest.
The orc priest is lightly wounded.
The orc priest shouts!
Casting: Magic Dart (safe; 3% risk of failure)
Confirm with . or Enter, or press ? or * to list all spells.
Aiming: Magic Dart (safe; 3% risk of failure)
Press: ? - help, Shift-Dir - straight line, f/p - orc priest
Aim: an orc priest, wielding a +0 club (lightly wounded, 100% to hit)
The magic dart hits the orc priest.
The orc priest is lightly wounded.
The orc priest calls down the wrath of Beogh upon you.
Beogh smites you!
Ouch! That really hurt!
* * * LOW HITPOINT WARNING * * *
Casting: Magic Dart (safe; 3% risk of failure)
Confirm with . or Enter, or press ? or * to list all spells.
The spell is quite dangerous to miscast (16% risk of failure)!
Continue anyway?
Aiming: Mephitic Cloud (quite dangerous; 16% risk of failure)
Press: ? - help, Shift-Dir - straight line, p - orc priest The ball explodes into a vile cloud!
The stinking cloud engulfs the orc priest but does no damage.
The orc priest is lightly wounded.
You hear an angry hiss.
The orc priest mumbles some strange prayers to Beogh against you.
Beogh smites you!
Ouch! That really hurt!
You die...

......# #.# #...o.....
......# #.#
##?..###.†##
......#####.. .°.
)......... .o○
#...#### #.# ##.## #.#
##.# #.# ##.########
#.# ..........# #@#
##.######.######.#
#.######........#
#....................#
######################


You could see an orc priest.

Vanquished Creatures
  An orc priest (D:3)
  An orc wizard (D:3)
  An adder (D:2)
  3 orcs (D:3)
  4 bats
  9 endoplasms
  3 hobgoblins
  2 jackals (D:1)
  5 ball pythons
  4 frilled lizards
  A goblin (D:1)
  6 kobolds
  2 rats (D:1)
42 creatures vanquished.

Notes
Turn   | Place    | Note
-------+----------+-------------------------------------------
     0 | D:1      | pk666 the Deep Elf Hedge Wizard began the quest for the
                  | Orb.
     0 | D:1      | Reached XP level 1. HP: 10/10 MP: 7/7
   266 | D:1      | Reached XP level 2. HP: 15/15 MP: 5/9
   286 | D:1      | Learned a level 2 spell: Blink
  1370 | D:2      | Reached skill level 5 in Spellcasting
  1370 | D:2      | Reached XP level 3. HP: 19/19 MP: 5/11
  1374 | D:2      | Learned a level 3 spell: Mephitic Cloud
  1930 | D:3      | Identified the +0 ring mail "Jizxunyo" {rCorr}
  1999 | D:3      | Reached skill level 1 in Poison Magic
  1999 | D:3      | Reached XP level 4. HP: 23/24 MP: 8/13
  2283 | D:3      | Killed from afar by an orc priest

Illustrated notes

Levels and vault maps discovered:
D:1:      minmay_arrival_shoal_huts, layout_loops_ring
D:2:      layout_loops_corners, minmay_misc_feat_square
D:3:      layout_loops_ring, corexii_shack

Skill      XL: |  1  2  3 |
---------------+----------+-----
Conjurations   | 2 |  2.7
Translocations | 2 |  2.3
Spellcasting   | 5 |  5.2
Poison Magic   | 1 |  1.7
Dodging        | |  2.4
Stealth        | |  2.4
Summonings     | |  1.1
Air Magic      | |  0.9

Action                     |  1- 3 |  4- 6 || total
---------------------------+-------+-------++-------
  Melee: Dagger            |     1 |       ||     1
   Cast: Magic Dart        |    86 |    24 ||   110
         Mephitic Cloud    |       |     2 ||     2
         Blink             |       |     1 ||     1
 Armour: Robe              |     1 |     2 ||     3
  Dodge: Dodged            |     4 |     4 ||     8

Table legend: (Time is in decaauts)
 A = Elapsed time spent in this place.
 B = Non-inter-level travel time spent in this place.
 C = Inter-level travel time spent in this place.
 D = Time resting spent in this place.
 E = Time spent auto-exploring this place.
 F = Levels seen in this place.
 G = Mean time per level.
                   A        B        C        D        E       F      G
               +--------+--------+--------+--------+--------+-----+--------+
         Total |   2284 |   2249 |     35 |     89 |   1853 |   3 |  761.3 |
       Dungeon |   2284 |   2249 |     35 |     89 |   1853 |   3 |  761.3 |
               +--------+--------+--------+--------+--------+-----+--------+

Top non-repeatable levels by time:
     D:2: 939 daAuts
     D:1: 911 daAuts
     D:3: 433 daAuts
